 Dungeon Crawl Stone Soup version 0.18-a0-1211-g828307d (webtiles) character file.

2461 M4edhros the Covert (level 9, -3/42 HPs)
             Began as an Octopode Artificer on Feb 3, 2016.
             Slain by a wyvern zombie (5 damage)
             ... on level 6 of the Dungeon.
             The game lasted 00:09:31 (5920 turns).

M4edhros the Covert (Octopode Artificer)            Turns: 5920, Time: 00:09:32

Health: -3/42      AC:  1    Str: 12    XL:     9   Next: 50%
Magic:  13/13      EV: 17    Int: 16    God:    Xom [.....*]
Gold:   282        SH:  8    Dex: 12    Spells: 0 memorised, 8 levels left

rFire  . . .     SeeInvis +     q - +2 dagger (venom)
rCold  . . .     Gourm    .     h - +0 shield
rNeg   . . .     Faith    .     (helmet restricted)
rPois  .         Spirit   .     (no amulet)
rElec  .         Dismiss  .     n - +4 ring of evasion
rCorr  +         Reflect  .     t - ring of resist corrosion
SustAt .         Harm     .     z - ring of see invisible
MR     .....     Clarity  +     (no ring)
Stlth  ++++++....               (no ring)
                                (no ring)
                                (no ring)
                                (no ring)

@: very slightly contaminated, not resistant to hostile enchantments, very
stealthy
A: almost no armour, amphibious, 8 rings, constrict 8, tentacle spike 2,
camouflage 1, clarity, dopey 1, frail 2, sense surroundings 1, strong 1, wild
magic 1, gelatinous body 1
a: Renounce Religion


You were on level 6 of the Dungeon.
You worshipped Xom.
You were Xom's teddy bear.
You were near starving.

You visited 2 branches of the dungeon, and saw 7 of its levels.

You collected 282 gold pieces.

Inventory:

Hand Weapons
 a - a +0 short sword
 q - a +2 dagger of venom (weapon)
Missiles
 e - 190 stones (quivered)
Armour
 h - a +0 shield (worn)
Jewellery
 n - a +4 ring of evasion (left tentacle)
 t - a ring of resist corrosion (right tentacle)
 z - a ring of see invisible (on tentacle)
 A - an uncursed amulet of rage {unknown}
Wands
 b - a wand of flame (0/48)
 c - a wand of enslavement (15/24)
 d - a wand of random effects (6/48)
 o - a wand of flame (1/48)
 r - a wand of iceblast (3/15)
 F - a wand of enslavement (9/24)
 G - a wand of iceblast (6/15)
 I - a wand of teleportation (6/9)
 J - a wand of digging (21/24)
Scrolls
 g - a scroll of remove curse
 l - a scroll of noise
 s - a scroll of magic mapping {unknown}
 u - a scroll of teleportation
 v - a scroll of blinking {unknown}
 x - 3 scrolls of enchant armour {unknown}
 y - 2 scrolls of amnesia
 B - a scroll of fog
 C - a scroll of enchant weapon
 E - 2 scrolls of immolation {unknown}
Potions
 m - a potion of brilliance
 w - a potion of berserk rage
 D - 2 potions of agility {unknown}
 H - a potion of might {unknown}
Comestibles
 f - a bread ration
 i - 2 meat rations
 k - 3 fruits
 p - a beef jerky


   Skills:
 - Level 1.0 Fighting
 - Level 1.0 Short Blades
 * Level 7.7 Dodging
 * Level 10.5 Stealth
 + Level 4.0 Shields
 + Level 6.6 Evocations


You had 8 spell levels left.
You didn't know any spells.

Dungeon Overview and Level Annotations

Branches:
Dungeon (6/15)             Temple (1/1) D:4

Altars:
Ashenzari
Cheibriados
Dithmenos
Elyvilon
Gozag
Kikubaaqudgha
Makhleb
Nemelex Xobeh
Okawaru
Pakellas
Qazlal
Sif Muna
Trog
Vehumet
Xom
Yredelemnul
The Shining One


Innate Abilities, Weirdness & Mutations

You cannot wear most types of armour.
You are amphibious.
You can wear up to eight rings at the same time.
You can use your tentacles to constrict eight enemies at once.
Your skin changes colour to match your surroundings (Stealth).
Your rubbery body absorbs attacks (AC +1).
One of your tentacles bears a nasty spike.
You possess an exceptional clarity of mind.
You are dopey. (Int -2)
You are very frail (-20% HP).
You passively map a small area around you.
Your muscles are strong. (Str +2)
Your spells are a little harder to cast, but a little more powerful.


Message History

The wyvern zombie misses you.
You barely miss the wyvern zombie. You squeeze the wyvern zombie.
The wyvern zombie bites you! x2
* * * LOW HITPOINT WARNING * * *
You are too injured to fight recklessly!
You are too injured to fight recklessly!
Evoke which item? (* to show all) (? for menu, Esc to quit)
Zapping:
b - a wand of flame (2/48)
Press: ? - help, Shift-Dir - straight line, f - wyvern zombie
Aim: a wyvern zombie The puff of flame hits the wyvern zombie.
This wand has 1 charge left.
The wyvern zombie bites you.
* * * LOW HITPOINT WARNING * * *
Evoke which item? (* to show all) (? for menu, Esc to quit)
Zapping:
b - a wand of flame (1/48)
Press: ? - help, Shift-Dir - straight line, f/p - wyvern zombie
Aim: a wyvern zombie The puff of flame hits the wyvern zombie.
This wand has 0 charges left.
The wyvern zombie bites you.
You die...

......#.#####.#.............(....
....#.#.# #.#........####......
....#...# #.#........# ######.
....##..# #.'...)....# #.
....##..#######........# #.
.....p#..........#'#############.
....)...........................>
#####.#.########...#.###########.
#.#.p# #@..#.# #. #.##.## #Z..#.#
#. #####.##..# #...#.#** #######.
...##.###.######...#.# ,........
...##.#..............# ,........
...##.#...........###############
...##.#..........................
...##.#...........###############
...##.#...........#


You could see a wyvern zombie.

Vanquished Creatures
  Sigmund (D:4)
  Eustachio (D:6)
  Menkaure (D:5)
  Duvessa (D:4)
  A phantom (D:6)
  2 slaves (D:6)
  A black bear (D:6)
  3 ogres
  An eye of draining (D:3)
  2 sky beasts (D:5)
  A wasp (D:5)
  Blork the orc (D:6)
  Dowan (D:4)
  A wyvern skeleton (D:6)
  2 scorpions
  3 crimson imps
  2 jellies
  An orc wizard (D:4)
  3 giant frog skeletons
  An orc priest (D:3)
  A centaur skeleton (D:6)
  Jessica (D:2)
  An iguana (D:5)
  2 worker ants
  A hound zombie (D:5)
  5 gnolls (D:6)
  3 adders
  4 oozes
  2 adder skeletons (D:5)
  2 worms (D:3)
  3 giant geckos
  17 orcs
  2 ball pythons
  6 giant cockroaches
  3 goblins
  8 hobgoblins
  A jackal (D:4)
  2 quokkas
  12 bats
  7 giant newts
  2 jackal skeletons
  4 kobolds
  A quokka skeleton (D:5)
  5 rats
125 creatures vanquished.

Vanquished Creatures (collateral kills)
  A gnoll (D:6)
1 creature vanquished.

Vanquished Creatures (others)
  Pikel (D:6)
  An iguana (D:6)
  A gnoll (D:6)
3 creatures vanquished.

Grand Total: 129 creatures vanquished

Notes
Turn   | Place    | Note
--------------------------------------------------------------
     0 | D:1      | M4edhros the Octopode Artificer began the quest for the Orb.
     0 | D:1      | Reached XP level 1. HP: 13/13 MP: 3/3
   127 | D:1      | Reached XP level 2. HP: 12/18 MP: 4/4
   524 | D:2      | Reached XP level 3. HP: 23/23 MP: 5/5
   799 | D:4      | Reached skill level 4 in Evocations
   799 | D:4      | Reached XP level 4. HP: 17/28 MP: 5/7
   961 | D:4      | Reached XP level 5. HP: 21/33 MP: 8/8
  1145 | D:4      | Noticed Sigmund
  1229 | D:4      | Noticed Duvessa
  1244 | D:4      | Killed Sigmund
  1244 | D:4      | Reached skill level 5 in Stealth
  1244 | D:4      | Reached XP level 6. HP: 38/38 MP: 9/9
  1455 | D:4      | Found a staircase to the Ecumenical Temple.
  1469 | Temple   | Entered the Ecumenical Temple
  1504 | Temple   | Became a worshipper of Xom of Chaos
  1840 | D:3      | Found a bloodstained altar of Trog.
  1840 | D:3      | Noticed an eye of draining
  1857 | D:3      | Killed an eye of draining
  1857 | D:3      | Reached skill level 6 in Stealth
  1857 | D:3      | Reached skill level 5 in Evocations
  1857 | D:3      | Reached XP level 7. HP: 32/43 MP: 0/10
  2010 | D:3      | Reached skill level 5 in Dodging
  2196 | D:3      | XOM: mild Summ miscast
  2261 | D:3      | XOM is BORED!
  2261 | D:3      | XOM: medium Divn miscast
  2291 | D:2      | Noticed Jessica
  2298 | D:2      | Killed Jessica
  2298 | D:2      | Reached skill level 1 in Shields
  2328 | D:2      | Found a faded altar to an unknown god.
  2486 | D:2      | Found a deep blue altar of Sif Muna.
  2889 | D:2      | Found a basalt altar of Yredelemnul.
  3079 | D:1      | XOM: harmless Air miscast
  3240 | D:1      | XOM: cast spell 'Hydra Form'
  3571 | D:4      | Noticed Dowan
  3586 | D:4      | Killed Duvessa
  3588 | D:4      | Killed Dowan
  3595 | D:4      | Found a shattered altar of Ashenzari.
  3942 | D:5      | Entered Level 5 of the Dungeon
  3954 | D:5      | Reached skill level 7 in Stealth
  4041 | D:5      | Noticed Menkaure
  4051 | D:5      | Killed Menkaure
  4051 | D:5      | Reached XP level 8. HP: 13/48 MP: 12/12
  4167 | D:5      | XOM: scenery: 2 doors open
  4313 | D:5      | XOM: mild Air miscast
  4330 | D:5      | XOM: severe Chrm miscast
  4402 | D:5      | Found a burning altar of Makhleb.
  4403 | D:5      | Found a radiant altar of Vehumet.
  4513 | D:5      | XOM: butterfly on damage
  4521 | D:5      | Reached skill level 8 in Stealth
  4553 | D:5      | XOM: give mutations
  4553 | D:5      | Gained mutation: One of your tentacles bears a spike. [Xom's mischief]
  4553 | D:5      | Gained mutation: You are frail (-10% HP). [Xom's mischief]
  4600 | D:5      | Gained mutation: You are dopey. (Int -2) [mutagenic meat]
  4601 | D:5      | Gained mutation: Your muscles are strong. (Str +2) [mutagenic meat]
  4604 | D:5      | Gained mutation: You are very frail (-20% HP). [mutagenic meat]
  4687 | D:6      | Reached skill level 9 in Stealth
  4691 | D:6      | XOM: give mutations
  4691 | D:6      | Gained mutation: You passively map a small area around you. [Xom's grace]
  4691 | D:6      | Gained mutation: You possess an exceptional clarity of mind. [Xom's grace]
  4691 | D:6      | Gained mutation: One of your tentacles bears a nasty spike. [Xom's grace]
  4691 | D:6      | Gained mutation: Your spells are a little harder to cast, but a little more powerful. [Xom's grace]
  4708 | D:6      | XOM: 2-stop teleportation journey
  4709 | D:6      | Noticed Eustachio
  4718 | D:6      | Killed Eustachio
  4890 | D:6      | Reached XP level 9. HP: 13/42 MP: 13/13
  4991 | D:6      | XOM: summons friendly crimson imp
  5182 | D:6      | XOM: 3-stop teleportation journey
  5214 | D:6      | XOM: god gift: wand of iceblast {god gift}
  5249 | D:6      | XOM: cast spell 'Necromutation'
  5252 | D:6      | XOM: potion effect (agility)
  5320 | D:6      | XOM: harmless Hex miscast
  5529 | D:6      | XOM: enchant monster (bad)
  5538 | D:6      | XOM: noise
  5544 | D:6      | Noticed Pikel
  5549 | D:6      | XOM: confuse monster(s)
  5552 | D:6      | XOM: mild Hex miscast
  5553 | D:6      | Killed Pikel
  5553 | D:6      | Reached skill level 10 in Stealth
  5553 | D:6      | XOM: destruction
  5564 | D:6      | XOM: summons friendly shadow imp
  5615 | D:6      | Noticed Blork the orc
  5623 | D:6      | Killed Blork the orc
  5769 | D:6      | XOM: potion effect (heal wounds)
  5789 | D:6      | XOM: destruction
  5817 | D:6      | XOM: potion effect (invisibility)
  5919 | D:6      | HP: 2/42 [wyvern zombie (4)]
  5920 | D:6      | Slain by a wyvern zombie

Vault maps used:
D:1:      dpeg_arrival_pond
D:2:      lemuel_blue_sif_altar, lemuel_coloured_pillars_altar,
          ecumenical_altar_1, uniq_jessica
D:3:      kennysheep_six_static_rooms, trog_eyes_of_draining
D:4:      minmay_temple_entry_glass, evilmike_ruin_ashenzari, uniq_duvessa,
          uniq_sigmund
D:5:      grunt_temple_overflow_lords_of_destruction, serial_corexii_hall,
          corexii_hall_statues_deadend, corexii_hall_statues_l, first_bread,
          uniq_menkaure
D:6:      uniq_pikel, uniq_blork_the_orc, uniq_eustachio
Temple:   circular_temple_12

Action                   |  1- 3 |  4- 6 |  7- 9 || total
-------------------------+-------+-------+-------++-------
Melee: Short sword       |    51 |    72 |    24 ||   147
       Dagger            |       |       |   160 ||   160
Evoke: Wand              |     1 |     4 |    19 ||    24
  Use: Potion            |       |     2 |     5 ||     7
       Scroll            |       |     2 |     5 ||     7
 Stab: Sleeping          |     9 |     1 |    22 ||    32
       Distracted        |       |     1 |       ||     1
       Invisible         |       |       |     2 ||     2
  Eat: Chunk             |       |     3 |    18 ||    21
